 Dungeon Crawl Stone Soup version 0.27-a0-1200-g94dc6ad4cf (webtiles) character file.

Game seed: 9512374295613721883

976 Delamore the Basher (level 8, 0/49 HPs)
             Began as a Gargoyle Fighter on May 29, 2021.
             Was a Follower of Okawaru.
             Killed from afar by Maggie (13 damage)
             ... with a bolt of fire
             ... on level 6 of the Dungeon.
             The game lasted 00:10:13 (6206 turns).

Delamore the Basher (Gargoyle Fighter)              Turns: 6206, Time: 00:10:13

Health: 0/49       AC: 12    Str: 22    XL:     8   Next: 16%
Magic:  10/10      EV: 11    Int:  9    God:    Okawaru [*.....]
Gold:   210        SH: 10    Dex:  9    Spells: 7/7 levels left

rFire    + . .     SeeInvis +   a - +1 flail
rCold    + . .     Faith    .   c - +1 kite shield
rNeg     + . .     Spirit   .   b - +0 scale mail
rPois    ∞         Reflect  .   (no helmet)
rElec    +         Harm     .   o - scarf {repulsion}
rCorr    +         Rampage  .   (no gloves)
Will     .....                  (no boots)
Stlth    ..........             (no amulet)
HPRegen  0.16/turn              v - +4 ring of evasion
MPRegen  0.12/turn              B - ring of see invisible

@: mighty, resistant, flying, mesmerised, repel missiles
A: sickness immunity, AC +5, negative energy resistance 1, electricity
resistance, torment resistance 1, petrification resistance
a: Renounce Religion, Heroism


You were on level 6 of the Dungeon.
You worshipped Okawaru.
Okawaru was aware of your devotion.
You visited 2 branches of the dungeon, and saw 7 of its levels.

You collected 254 gold pieces.
You spent 44 gold pieces at shops.

Inventory:

Hand Weapons
 a - a +1 flail (weapon)
Missiles
 q - 28 poisoned darts
 z - 2 throwing nets (quivered)
Armour
 b - a +0 scale mail (worn)
 c - a +1 kite shield (worn)
 o - a scarf of repulsion (worn)
Jewellery
 i - a +6 ring of intelligence
 v - a +4 ring of evasion (left hand)
 B - a ring of see invisible (right hand)
Scrolls
 e - a scroll of noise
 g - a scroll of enchant weapon
 j - 2 scrolls of enchant armour
 m - a scroll of blinking
 t - a scroll of teleportation
 y - a scroll of silence
Potions
 d - a potion of might
 f - 5 potions of lignification
 k - 4 potions of brilliance
 n - 2 potions of degeneration
 p - a potion of resistance
 r - 2 potions of flight
 u - a potion of cancellation


   Skills:
 - Level 5.0 Fighting
 * Level 8.2 Maces & Flails
 - Level 3.2 Armour
 - Level 3.2 Shields
 + Level 2.9 Invocations


You had 7 spell levels left.
You didn't know any spells.
Your spell library contained the following spells:

 Spells                   Type           Power      Damage    Failure   Level
 Magic Dart               Conj           0%         1d3       99%         1
 Searing Ray              Conj           0%         3d3       100%        2
 Dazzling Flash           Conj/Hex       0%         N/A       100%        3
 Fulminant Prism          Conj/Hex       0%         3d6       100%        4
 Iskenderun's Mystic Bla  Conj/Tloc      0%         2d3       100%        4


Dungeon Overview and Level Annotations

Branches:
Dungeon (6/15)             Temple (1/1) D:5

Altars:
Ashenzari
Cheibriados
Elyvilon
Fedhas
Gozag
Hepliaklqana
Kikubaaqudgha
Makhleb
Nemelex Xobeh
Okawaru
Qazlal
Ru
Sif Muna
Uskayaw
Vehumet
Wu Jian
Xom
Yredelemnul
Zin
The Shining One

Shops:
D:1 ?

Portals:
Abyss: D:3

Annotations:
D:3 2 transporters, crabbyslav's ghost, amateur OpWn
D:4 3 runed translucent doors, Glokmah's ghost, amateur OgHu
D:6 Maggie


Innate Abilities, Weirdness & Mutations

You are immune to sickness and miasma.
Your stone body is resilient. (AC +5)
You are immune to poison.
You resist negative energy. (rN+)
You are resistant to electric shocks. (rElec)
You are resistant to unholy torment.
You are immune to petrification.


Message History

Maggie hits you but does no damage.
You sock Maggie!
Maggie is moderately wounded.
Maggie gestures wildly while chanting.
Maggie draws you further into her thrall.
You barely miss Maggie.
Maggie is moderately wounded.
Maggie hits you but does no damage.
You hit Maggie.
Maggie is moderately wounded.
You block Maggie's attack.
You barely miss Maggie.
Maggie is moderately wounded.
You block Maggie's attack. Maggie closely misses you.
You barely miss Maggie.
Maggie is moderately wounded.
Maggie casts a spell.
Maggie draws you further into her thrall.
You barely miss Maggie.
Maggie is moderately wounded.
Maggie casts a spell.
Maggie draws you further into her thrall.
You sock Maggie!
Maggie is heavily wounded.
You block Maggie's attack.
You sock Maggie!
Maggie is heavily wounded.
Maggie gestures at you while chanting. The bolt of fire hits you. You resist.
You hit Maggie.
Maggie is severely wounded.
Maggie casts a spell at you. The bolt of fire hits you! You resist.
* * * LOW HITPOINT WARNING * * *
You block Maggie's attack.
You closely miss Maggie.
Maggie is severely wounded.
Maggie gestures at you while chanting. The bolt of fire hits you! You resist.
You die...

**,******** #.#
**,* #.# **,*
#)# **,** #.#
**,,* #F# ***,*
#o# ,,,,* #.#
**,,*
#############.#
**,,*
#...<...)@@...#
,,,,*
#.#############
**,** *,* *,*
*,* **,* *,*
,,,* *,* ****
*,* ********,*
,,,,,,,,,*


You could see Maggie (mesmerising).

Vanquished Creatures
  A water moccasin (Temple)
  A phantom (D:5)
  A kobold brigand (D:6)
  2 scorpions
  A jelly (D:5)
  4 hounds
  An orc priest (D:5)
  2 bullfrog skeletons
  A gnoll shaman (D:5)
  4 iguanas
  Natasha (twice) (D:3)
  An orc wizard (D:5)
  A hound skeleton (D:5)
  3 gnolls
  2 adders
  A shadow imp (D:5)
  3 worms
  4 dart slugs
  An orc (D:5)
  3 endoplasms
  A giant cockroach (D:2)
  10 goblins
  3 hobgoblins
  3 jackals (D:1)
  5 quokkas
  5 ball pythons
  4 bats
  2 frilled lizards
  11 kobolds
  22 rats
105 creatures vanquished.

Vanquished Creatures (collateral kills)
  A white imp (D:6)
1 creature vanquished.

Vanquished Creatures (others)
  An orc wizard (D:6)
1 creature vanquished.

Grand Total: 107 creatures vanquished

Notes
Turn   | Place    | Note
-------+----------+-------------------------------------------
     0 | D:1      | Delamore the Gargoyle Fighter began the quest for the Orb.
     0 | D:1      | Reached XP level 1. HP: 14/14 MP: 1/1
   210 | D:1      | Reached XP level 2. HP: 17/19 MP: 2/2
   319 | D:1      | Found Qaageh's Magic Scroll Boutique.
  1311 | D:2      | Reached skill level 3 in Maces & Flails
  1313 | D:2      | Reached XP level 3. HP: 24/24 MP: 3/3
  1886 | D:2      | Reached XP level 4. HP: 28/29 MP: 4/4
  2295 | D:1      | Bought a scroll of identify for 22 gold pieces
  2295 | D:1      | Bought a scroll of identify for 22 gold pieces
  2397 | D:3      | Found a faded altar of an unknown god.
  2445 | D:3      | Found a transporter.
  2463 | D:3      | Noticed a small abomination
  2463 | D:3      | Noticed a small abomination
  2466 | D:3      | Noticed crabbyslav's ghost (amateur OpWn)
  2474 | D:3      | Found a one-way gate to the infinite horrors of the Abyss.
  2486 | D:3      | Found a transporter.
  2603 | D:3      | Found a hazy altar of Hepliaklqana.
  2603 | D:3      | Found a burning altar of Makhleb.
  2742 | D:3      | Found a hide-covered altar of Uskayaw.
  2776 | D:3      | Found an ornate altar of the Wu Jian Council.
  2779 | D:3      | Found a shimmering blue altar of Sif Muna.
  2828 | D:3      | Noticed Natasha
  2835 | D:3      | Killed Natasha
  2836 | D:3      | Reached skill level 4 in Maces & Flails
  3035 | D:3      | Noticed Natasha
  3038 | D:3      | Killed Natasha
  3039 | D:3      | Reached XP level 5. HP: 34/34 MP: 5/5
  3477 | D:4      | Reached skill level 5 in Maces & Flails
  3477 | D:4      | Reached XP level 6. HP: 9/40 MP: 6/6
  3783 | D:4      | Found a runed translucent gate.
  3783 | D:4      | Found a runed translucent gate.
  3783 | D:4      | Found a runed translucent gate.
  3783 | D:4      | Noticed Glokmah's ghost (amateur OgHu)
  3792 | D:4      | Noticed a wyvern
  4114 | D:4      | Reached skill level 5 in Fighting
  4154 | D:5      | Entered Level 5 of the Dungeon
  4399 | D:5      | Reached skill level 6 in Maces & Flails
  4409 | D:5      | Noticed a water moccasin
  4445 | D:5      | HP: 2/40 [phantom (3)]
  4451 | D:5      | HP: 1/40 [water moccasin (2)]
  4454 | D:5      | Found a staircase to the Ecumenical Temple.
  4460 | Temple   | Entered the Ecumenical Temple
  4762 | Temple   | Became a worshipper of Warmaster Okawaru
  4799 | Temple   | Killed a water moccasin
  4800 | Temple   | Reached XP level 7. HP: 18/44 MP: 7/7
  4998 | Temple   | Reached skill level 7 in Maces & Flails
  5434 | D:5      | Reached skill level 1 in Invocations
  5606 | D:5      | Reached * piety under Okawaru
  5989 | D:6      | Reached skill level 8 in Maces & Flails
  5989 | D:6      | Reached XP level 8. HP: 38/49 MP: 9/9
  6126 | D:6      | Noticed Maggie
  6206 | D:6      | Killed from afar by Maggie

Illustrated notes

Levels and vault maps discovered:
D:1:      roderic_dead_forest, layout_basic, serial_shops, shop,
          minmay_octomino_c4
D:2:      layout_loops_ring, minmay_rat_hole
D:3:      layout_rooms, grunt_temple_overflow_open,
          chequers_temple_overflow_statue_of_worship,
          gammafunk_ghost_abyssal_escape, shapermc_ecumenical_altar_flowoftime,
          minivault_19, uniq_natasha
D:4:      layout_layer_cave, kennysheep_mini, ebering_ghost_rock_garden
D:5:      layout_loops_ring, minmay_temple_entry_large_hall, feat_on_display
D:6:      layout_loops_ring, uniq_maggie
Temple:   lightli_temple_of_artemis

Skill      XL: |  1  2  3  4  5  6  7 |
---------------+----------------------+-----
Maces & Flails | 3 4 5 6 8 |  8.2
Fighting       | 4 5 |  5.0
Invocations    | 2 |  2.9
Armour         | |  3.2
Shields        | |  3.2

Action                   |  1- 3 |  4- 6 |  7- 9 || total
-------------------------+-------+-------+-------++-------
Melee: Flail             |   149 |   210 |    84 ||   443
Throw: Dart              |       |    14 |       ||    14
       Throwing net      |       |       |     1 ||     1
  Use: Scroll            |       |    13 |     6 ||    19
       Potion            |       |     2 |     4 ||     6
Armor: Scale mail        |   106 |   105 |    25 ||   236
Dodge: Dodged            |    51 |    89 |    32 ||   172
       Repelled          |       |     1 |       ||     1
Block: Kite shield       |    87 |   133 |    48 ||   268

Table legend: (Time is in decaauts)
 A = Elapsed time spent in this place.
 B = Non-inter-level travel time spent in this place.
 C = Inter-level travel time spent in this place.
 D = Time resting spent in this place.
 E = Time spent auto-exploring this place.
 F = Levels seen in this place.
 G = Mean time per level.
                   A        B        C        D        E       F      G
               +--------+--------+--------+--------+--------+-----+--------+
         Total |   6391 |   6216 |    175 |   1576 |   3482 |   7 |  913.0 |
       Dungeon |   5850 |   5688 |    162 |   1107 |   3482 |   6 |  975.0 |
        Temple |    541 |    528 |     13 |    469 |      0 |   1 |  541.0 |
               +--------+--------+--------+--------+--------+-----+--------+

Top non-repeatable levels by time:
     D:1: 1342 daAuts
     D:5: 1310 daAuts
     D:4: 1130 daAuts
     D:2: 1090 daAuts
     D:3: 738 daAuts
  Temple: 541 daAuts
     D:6: 238 daAuts
